 Dungeon Crawl Stone Soup version 0.28.0-43-g3370ac3207 (webtiles) character file.

Game seed: 9403095853764788429

13 sleeperbomb the Skirmisher (level 2, 0/24 HPs)
             Began as a Human Berserker on Mar 28, 2022.
             Was a Follower of Trog.
             Slain by an orc priest
             ... wielding a +0 morningstar
              (6 damage)
             ... on level 3 of the Dungeon.
             The game lasted 00:03:06 (413 turns).

sleeperbomb the Skirmisher (Human Berserker)         Turns: 413, Time: 00:03:07

Health: 0/24       AC:  3    Str: 17    XL:     2   Next: 50%
Magic:  2/2        EV: 12    Int:  7    God:    Trog [*.....]
Gold:   42         SH:  0    Dex: 12    Spells: 1/1 levels left

rFire   . . .      SeeInvis .   a - +0 spear
rCold   . . .      Faith    .   (no shield)
rNeg    + . .      Spirit   .   d - +0 leather armour {rN+}
rPois   .          Reflect  .   (no helmet)
rElec   .          Harm     .   (no cloak)
rCorr   .          Rampage  .   (no gloves)
Will    .....                   (no boots)
Stlth   +.........              (no amulet)
HPRegen 0.08/turn               (no ring)
MPRegen 0.08/turn               (no ring)

@: lethally poisoned (0 -> -12)
A: no striking features
a: Renounce Religion, Berserk


You were on level 3 of the Dungeon.
You worshipped Trog.
Trog was aware of your devotion.
You visited 1 branch of the dungeon, and saw 3 of its levels.

You collected 42 gold pieces.

Inventory:

Hand Weapons
 a - a +0 spear (weapon)
Armour
 b - a +0 animal skin
 c - a +0 ring mail
 d - a +0 leather armour of positive energy (worn)
Scrolls
 e - 4 scrolls of immolation {unknown}
 g - a scroll of magic mapping {unknown}
 h - a scroll of fear {unknown}
 i - a scroll of identify {unknown}
Potions
 f - a potion of curing {unknown}
 j - 2 potions of mutation {unknown}


   Skills:
 + Level 3.3 Fighting
 + Level 3.2 Polearms
 + Level 2.1 Armour
 + Level 2.0 Dodging


You had one spell level left.
You didn't know any spells.
Your spell library was empty.

Dungeon Overview and Level Annotations

Branches:
Dungeon (3/15)

Altars:


Message History

You hit the giant cockroach.
You kill the giant cockroach!
Trog accepts your kill.
A bat comes into view.
The bat hits you but does no damage. The bat hits you but does no damage.
The bat hits you but does no damage.
You completely miss the bat. The bat completely misses you.
The bat hits you but does no damage.
You hit the bat.
You kill the bat!
Trog accepts your kill.
There is a stone staircase leading down here.
You climb downwards.
The orc priest shouts!
You hear a shout! x4
There is a stone staircase leading up here. 2 orcs come into view.
The orc shouts!
The orc moves out of view.
An orc wizard comes into view. It is wielding a +1 dagger of venom.
The orc priest barely misses you. The orc hits you with a +0 hand axe.
You hit the orc priest.
The orc priest is moderately wounded.
The orc priest hits you with a +0 morningstar!
You barely miss the orc priest.
The orc priest is moderately wounded.
You hit the orc priest.
The orc priest is heavily wounded.
The orc priest barely misses you.
You closely miss the orc priest.
The orc priest is heavily wounded.
The orc priest barely misses you.
The orc wizard hits you with a +1 dagger of venom.
You are lethally poisoned!
You closely miss the orc priest.
The orc priest is heavily wounded.
* * * LOW HITPOINT WARNING * * *
You feel very sick.
The orc priest hits you with a +0 morningstar.
You die...

#####
#<..#
#.#.# #@#
# #oo.#
.oo....
.#.....#.#
........#
..
........
...
......##.
...
########


You could see an orc priest, an orc wizard and 2 orcs.

Vanquished Creatures
  2 bats
  3 giant cockroaches
  2 hobgoblins
  2 frilled lizards (D:1)
  A goblin (D:1)
  2 kobolds
12 creatures vanquished.

Notes
Turn   | Place    | Note
-------+----------+-------------------------------------------
     0 | D:1      | sleeperbomb the Human Berserker began the quest for the
                  | Orb.
     0 | D:1      | Reached XP level 1. HP: 18/18 MP: 1/1
   247 | D:1      | Reached XP level 2. HP: 24/24 MP: 2/2
   413 | D:3      | Slain by an orc priest

Illustrated notes

Levels and vault maps discovered:
D:1:      dpeg_arrival_tiny_a, layout_loops_corners
D:2:      layout_rooms
D:3:      layout_basic, st_stairs_10

Action                   || total
-------------------------++-------
Melee: Spear             ||    35
Invok: Berserk           ||     1
Armor: Ring mail         ||     4
       Leather armour    ||     6
Dodge: Dodged            ||    22
